 Dungeon Crawl Stone Soup version 0.21-a0-215-g0631661 (webtiles) character file.

3388 roguesci the Skirmisher (level 9, -10/78 HPs)
             Began as a Purple Draconian Transmuter on Aug 22, 2017.
             Was a Follower of Okawaru.
             Killed by the air
             ... invoked by Gastronok
              (20 damage)
             ... on level 8 of the Dungeon.
             The game lasted 00:46:34 (12449 turns).

roguesci the Skirmisher (DrTm)                     Turns: 12449, Time: 00:46:35

Health: -10/78     AC:  8    Str: 12    XL:     9   Next: 74%
Magic:  4/18       EV: 15    Int: 21    God:    Okawaru [*.....]
Gold:   386        SH:  0    Dex: 13    Spells: 4/20 levels left

rFire    . . .     SeeInvis .   u - +3 dagger (speed)
rCold    . . .     Gourm    .   (no shield)
rNeg     . . .     Faith    .   (armour unavailable)
rPois    .         Spirit   .   (helmet restricted)
rElec    .         Reflect  .   D - +0 cloak
rCorr    .         Harm     .   (no gloves)
MR       +....                  (no boots)
Stlth    +++.......             (no amulet)
HPRegen  0.23/turn              (no ring)
MPRegen  0.16/turn              (no ring)

@: brilliant, flying, slowed, very slow
A: breathe power, unfitting armour, agile 1, weak 1, cold-blooded, subdued magic
1, AC +7
a: Breathe Dispelling Energy, Heroism, Renounce Religion


You were on level 8 of the Dungeon.
You worshipped Okawaru.
Okawaru was aware of your devotion.
You were not hungry.

You visited 2 branches of the dungeon, and saw 9 of its levels.
You also visited: Ossuary.

You collected 386 gold pieces.

Inventory:

Hand Weapons
 n - a +3 whip
 t - a +0 hunting sling
 u - a +3 dagger of speed (weapon)
Missiles
 l - 330 stones (quivered)
Armour
 i - a +2 large shield
 D - a +0 cloak (worn)
Wands
 d - a wand of iceblast (15/15)
 p - a wand of digging (10/24)
Scrolls
 h - 3 scrolls of identify
 j - 2 scrolls of fog
 k - a scroll of enchant armour
 o - 5 scrolls of remove curse
 s - a scroll of amnesia
Potions
 e - a potion of magic
 z - a potion of brilliance
 A - a potion of flight
Books
 b - a book of Changes

   Spells                             Type                      Level
   a - Beastly Appendage              Transmutation                1
   b - Sticks to Snakes               Transmutation                2
   c - Spider Form                    Transmutation/Poison         3
   d - Ice Form                       Ice/Transmutation            4
   e - Blade Hands                    Transmutation                5
 q - a book of Battle

   Spells                             Type                      Level
   a - Infusion                       Charms                       1
   b - Shroud of Golubria             Charms/Translocation         2
   c - Song of Slaying                Charms                       2
   d - Spectral Weapon                Hexes/Charms                 3
   e - Regeneration                   Charms/Necromancy            3
 r - a book of Maledictions

   Spells                             Type                      Level
   a - Corona                         Hexes                        1
   b - Ensorcelled Hibernation        Hexes/Ice                    2
   c - Confuse                        Hexes                        3
   d - Tukima's Dance                 Hexes                        3
   e - Dazzling Spray                 Conjuration/Hexes            3
 v - a book of Power

   Spells                             Type                      Level
   a - Iskenderun's Battlesphere      Conjuration/Charms           5
   b - Venom Bolt                     Conjuration/Poison           5
   c - Bolt of Magma                  Conjuration/Fire/Earth       5
   d - Iron Shot                      Conjuration/Earth            6
   e - Orb of Destruction             Conjuration                  7
   f - Spellforged Servitor           Conjuration/Summoning        7
Comestibles
 c - 4 bread rations
 f - 2 royal jellies


   Skills:
 + Level 6.6 Fighting
 + Level 6.0 Dodging
 + Level 4.9 Stealth
 - Level 4.7 Unarmed Combat
 + Level 6.0 Spellcasting
 + Level 0.0 Conjurations
 * Level 1.3 Hexes
 + Level 0.0 Charms
 + Level 0.0 Necromancy
 - Level 5.0 Transmutations
 - Level 4.0 Poison Magic
 + Level 2.9 Evocations


You had 4 spell levels left.
You knew the following spells:

 Your Spells              Type           Power        Failure   Level  Hunger
b - Spider Form           Tmut/Pois      ####......   1%          3    ##.....
c - Ensorcelled Hibernat  Hex/Ice        ###...       1%          2    None
d - Confuse               Hex            ###.....     1%          3    ##.....
e - Shroud of Golubria    Chrm/Tloc      ##........   1%          2    None
f - Regeneration          Chrm/Necr      ##........   3%          3    ##.....
g - Dazzling Spray        Conj/Hex       ###...       2%          3    ##.....


Dungeon Overview and Level Annotations

Branches:
Dungeon (8/15)             Temple (1/1) D:7
   Lair: D:8-11

Altars:
Ashenzari
Cheibriados
Dithmenos
Elyvilon
Fedhas
Gozag
Hepliaklqana
Kikubaaqudgha
Makhleb
Nemelex Xobeh
Okawaru
Qazlal
Ru
Uskayaw
Vehumet
Xom
Yredelemnul
Zin
The Shining One

Annotations:
D:5 exclusion: statue, Azzok's ghost, novice HOFi
D:8 Gastronok


Innate Abilities, Weirdness & Mutations

You can breathe bolts of dispelling energy.
Your rich purple scales are hard. (AC +7)
You cannot fit into any form of body armour.
You are cold-blooded and may be slowed by cold attacks.
You are agile. (Dex +2)
You are weak. (Str -2)
Your spells are a little easier to cast, but a little less powerful.


Message History

Your magical contamination has completely faded away.
Your transformation is almost over.
Gastronok gurgles.
Gastronok gurgles, "A snack!
A snack!"
You see here an arrow.
Things that are here:
an uncursed shortbow; 21 arrows You feel better.
Your transformation has ended.
Your +3 dagger of speed unmelds from your body.
Your +0 cloak unmelds from your body.
Your hands tingle!
Gastronok waves his eye-stalks in wide circles.
The air twists around and strikes you!
* * * LOW HITPOINT WARNING * * *
You feel better.
You feel very buoyant.
You fly up into the air.
Gastronok waves his eye-stalks in wide circles.
The air twists around and violently strikes you in flight!
You die...

############ #####..........#####
#.w@................
#)###..........##### ### #(#
#..........# ..# #.# #..........#
..# #.# #####......# ..# #.#
#.####.# ..# #.# #.# #.#####
..############.# #.# #......
...............#######w##########


You could see Gastronok.

Vanquished Creatures
  Sigmund (D:3)
  A hungry ghost (D:7)
  Menkaure (D:4)
  3 ice beasts
  2 sky beasts
  A black bear (D:7)
  A phantom (D:4)
  4 ogres
  3 centaurs
  3 bullfrogs
  3 elf zombies (Ossuary)
  A scorpion (D:6)
  A howler monkey (D:4)
  4 centaur zombies
  A crimson imp (D:6)
  2 bullfrog zombies (D:6)
  4 hounds
  A human zombie (Ossuary)
  A gnoll shaman (D:7)
  3 orc wizards
  2 centaur skeletons
  8 orc priests
  2 bullfrog skeletons
  Crazy Yiuf (D:7)
  3 worker ants
  2 big kobold zombies (Ossuary)
  A hound skeleton (D:8)
  2 mummies (Ossuary)
  4 gnolls (D:7)
  10 adders
  2 oozes
  2 adder skeletons
  2 adder zombies
  2 worms
  3 dart slugs
  5 leopard geckos
  26 orcs
  8 bats
  5 giant cockroaches
  11 goblins
  6 hobgoblins
  12 jackals
  2 kobolds
  6 quokkas
  A ball python (D:1)
  9 frilled lizards
  A goblin zombie (Ossuary)
  8 hobgoblin zombies (Ossuary)
  10 kobold zombies (Ossuary)
  7 orc zombies (Ossuary)
  10 rats
214 creatures vanquished.

Notes
Turn   | Place    | Note
-------+----------+-------------------------------------------
     0 | D:1      | roguesci the Draconian Transmuter began the quest for the Orb.
     0 | D:1      | Reached XP level 1. HP: 16/16 MP: 3/3
   197 | D:1      | Reached XP level 2. HP: 23/23 MP: 3/5
   924 | D:2      | Reached XP level 3. HP: 18/29 MP: 6/6
   932 | D:2      | Learned a level 3 spell: Spider Form
  1105 | D:2      | Reached skill level 1 in Stealth
  1404 | D:2      | Reached XP level 4. HP: 35/36 MP: 1/8
  1859 | D:2      | Reached skill level 1 in Poison Magic
  2287 | D:3      | Noticed a bullfrog
  2298 | D:3      | Killed a bullfrog
  2298 | D:3      | Reached XP level 5. HP: 38/45 MP: 6/9
  2432 | D:3      | Found a sparkling altar of Nemelex Xobeh.
  2756 | D:3      | Reached XP level 6. HP: 32/51 MP: 4/11
  2917 | D:3      | Found a stormy altar of Qazlal.
  3427 | D:4      | Noticed Sigmund
  3887 | D:3      | Killed Sigmund
  3887 | D:3      | Your scales start taking on a rich purple colour.
  3887 | D:3      | Reached XP level 7. HP: 23/59 MP: 10/13
  4418 | D:4      | Noticed Menkaure
  4433 | D:4      | Killed Menkaure
  4665 | D:5      | Entered Level 5 of the Dungeon
  4682 | D:5      | Found a radiant altar of Vehumet.
  5062 | D:5      | Reached skill level 5 in Fighting
  5062 | D:5      | Reached XP level 8. HP: 61/68 MP: 12/15
  5121 | D:5      | Found a sand-covered staircase.
  5131 | Ossuary  | Entered an ossuary
  5379 | Ossuary  | Reached skill level 5 in Spellcasting
  6378 | D:5      | Noticed Azzok's ghost (novice HOFi)
  8329 | D:6      | Reached skill level 1 in Evocations
  9116 | D:6      | Reached XP level 9. HP: 74/75 MP: 17/17
  9290 | D:6      | Reached skill level 5 in Dodging
  9717 | D:7      | Gained mutation: You are agile. (Dex +2) [mutagenic meat]
  9718 | D:7      | Gained mutation: Your spells are a little easier to cast, but a little less powerful. [mutagenic meat]
  9719 | D:7      | Gained mutation: You are weak. (Str -2) [mutagenic meat]
  9886 | D:7      | Found a shadowy altar of Dithmenos.
  9923 | D:7      | Learned a level 2 spell: Ensorcelled Hibernation
  9927 | D:7      | Learned a level 3 spell: Confuse
 10012 | D:7      | Found a staircase to the Ecumenical Temple.
 10093 | Temple   | Entered the Ecumenical Temple
 10177 | Temple   | Became a worshipper of Warmaster Okawaru
 10228 | D:7      | Found a runed door.
 10562 | D:7      | Noticed a sixfirhy
 10563 | D:7      | Found a runed door.
 11018 | D:7      | Found a shimmering altar of Xom.
 11100 | D:7      | Noticed Crazy Yiuf
 11113 | D:7      | Killed Crazy Yiuf
 11113 | D:7      | Reached skill level 5 in Transmutations
 11497 | D:8      | Found a snail-covered altar of Cheibriados.
 11630 | D:8      | Reached * piety under Okawaru
 11630 | D:8      | Reached skill level 1 in Hexes
 11667 | D:8      | Found a glowing silver altar of Zin.
 11668 | D:8      | Found a blossoming altar of Fedhas.
 11670 | D:8      | Noticed Gastronok
 12275 | D:8      | Learned a level 2 spell: Shroud of Golubria
 12279 | D:8      | Learned a level 3 spell: Regeneration
 12283 | D:8      | Learned a level 3 spell: Dazzling Spray
 12449 | D:8      | Killed from afar by Gastronok

Vault maps used:
D:1:      co_arrival_square_in_a_square_in_a_square, kennysheep_another_room,
          fountainhead
D:2:      minmay_tetromino_i2
D:3:      lemuel_round_altar, lemuel_crystal_altar
D:4:      uniq_menkaure, uniq_sigmund
D:5:      vehumet_statue, first_bread, nicolae_ossuary_entry_ruins,
          grunt_ministairs_9
D:6:      nicolae_underground_beach
D:7:      cheibrodos_shockbox, xom_butterflies, nicolae_dithmenos_shadow_blocks,
          temple_statues, uniq_crazy_yiuf_cottage
D:8:      chequers_temple_overflow_statue_of_worship, basic_altar,
          uniq_gastronok
Temple:   nicolae_temple_hex_pool
Ossuary:  ossuary_tomb_1

Skill      XL: |  1  2  3  4  5  6  7  8  9 |
---------------+----------------------------+-----
Fighting       | 2 3 4 5 6 |  6.6
Dodging        | 2 3 4 6 |  6.0
Stealth        | 1 2 3 4 |  4.9
Poison Magic   | 1 2 3 4 |  4.0
Spellcasting   | 3 4 5 6 |  6.0
Transmutations | 3 4 5 |  5.0
Unarmed Combat | 4 |  4.7
Evocations     | 1 2 |  2.9
Hexes          | 1 |  1.3

Action                   |  1- 3 |  4- 6 |  7- 9 || total
-------------------------+-------+-------+-------++-------
Melee: Unarmed           |   127 |   137 |   455 ||   719
       Tailslap          |     9 |     8 |    41 ||    58
       Headbutt          |     3 |       |       ||     3
       Punch             |     1 |       |     9 ||    10
       Dagger            |       |    54 |   248 ||   302
       Whip              |       |       |    32 ||    32
Throw: Stone             |       |    10 |     8 ||    18
 Cast: Beastly Appendage |     7 |       |       ||     7
       Spider Form       |     4 |    20 |    51 ||    75
       Confuse           |       |       |     2 ||     2
       Regeneration      |       |       |     2 ||     2
       Shroud of Golubri |       |       |     2 ||     2
       Dazzling Spray    |       |       |     2 ||     2
       Ensorcelled Hiber |       |       |     1 ||     1
 Abil: Breathe Dispellin |       |       |     9 ||     9
       End Transformatio |       |       |     2 ||     2
  Use: Potion            |       |     3 |    28 ||    31
       Scroll            |       |       |    16 ||    16
 Stab: Sleeping          |       |       |     5 ||     5
       Distracted        |       |       |     2 ||     2
  Eat: Chunk             |     2 |    10 |    10 ||    22
       Royal jelly       |       |     2 |     3 ||     5
       Fruit             |       |       |     7 ||     7
       Meat ration       |       |       |     3 ||     3
       Bread ration      |       |       |     1 ||     1
Armor: Skin              |    43 |    37 |    99 ||   179
Dodge: Dodged            |   108 |   143 |   579 ||   830

Table legend:
 A = Spawn XP
 B = Non-spawn XP
 C = Spawn XP percentage of total XP
 D = Spawn monster count
 E = Non-spawn monster count
 F = Spawn count percentage of total count
 G = Total turns spent on level
                    A         B        C        D         E        F      G
               +---------+---------+-------+---------+---------+-------+---------
         Total |    1262 |    3578 |  26.1 |      28 |     186 |  13.1 | 12449
               +---------+---------+-------+---------+---------+-------+---------
           D:1 |       3 |      32 |   8.6 |       3 |      17 |  15.0 |   794
           D:2 |       5 |     114 |   4.2 |       3 |      28 |   9.7 |  1324
           D:3 |       3 |     574 |   0.5 |       1 |      39 |   2.5 |  1705
           D:4 |     163 |     379 |  30.1 |       5 |      13 |  27.8 |  2064
           D:5 |     159 |     294 |  35.1 |       5 |       4 |  55.6 |  1221
           D:6 |     236 |     470 |  33.4 |       3 |      11 |  21.4 |  1139
           D:7 |     651 |     797 |  45.0 |       7 |      21 |  25.0 |  1989
           D:8 |      42 |     340 |  11.0 |       1 |      15 |   6.2 |   986
       Ossuary |       0 |     578 |   0.0 |       0 |      38 |   0.0 |  1129
               +---------+---------+-------+---------+---------+-------+---------
